 Dungeon Sprint DCSS version 0.27-a0-1256-gced786f65e (webtiles) character file.

Game seed: 9694825209037440644

21 mhtbhm the Ruffian (level 2, -2/28 HPs)
             Began as a Ghoul Monk on June 11, 2021.
             Slain by a wolf (9 damage)
             ... in the Dungeon (Sprint III: "The Ten Rune Challenge").
             The game lasted 00:00:21 (309 turns).

mhtbhm the Ruffian (Ghoul Monk)                      Turns: 309, Time: 00:00:22

Health: -2/28      AC:  2    Str: 14    XL:     2   Next: 87%
Magic:  1/1        EV: 13    Int:  5    God:
Gold:   14         SH:  0    Dex: 11    Spells: 1/1 levels left

rFire    . . .     SeeInvis .     - Unarmed
rCold    + . .     Faith    .   (no shield)
rNeg     + + +     Spirit   .   a - +0 robe
rPois    ∞         Reflect  .   (no helmet)
rElec    .         Harm     .   (no cloak)
rCorr    .         Rampage  .   (no gloves)
Will     .....     NoTele   +   (no boots)
Stlth    ++........             (no amulet)
HPRegen  0.00/turn              (no ring)
MPRegen  0.07/turn              (no ring)

@: no status effects
A: claws 1, cold resistance 1, negative energy resistance 3, inhibited
regeneration, torment resistance 2
a: no special abilities


You were in the Dungeon.
You visited 1 branch You collected 14 gold pieces.

Inventory:

Armour
 a - a +0 robe (worn)
Scrolls
 f - a scroll of blinking
Potions
 b - a potion of curing
 c - a potion of heal wounds
 e - 2 potions of magic


   Skills:
 + Level 4.3 Fighting
 + Level 3.7 Dodging
 + Level 3.2 Stealth
 + Level 4.8 Unarmed Combat


You had one spell level left.
You didn't know any spells.
Your spell library was empty.

Dungeon Overview and Level Annotations

Branches:
Dungeon (1/1)

Altars:


Innate Abilities, Weirdness & Mutations

You thrive by killing the living.
You are immune to poison.
You have sharp fingernails.
Your flesh is cold resistant. (rC+)
You are immune to negative energy. (rN+++)
You do not regenerate when monsters are visible.
You are immune to unholy pain and torment.


Message History

You start resting.
Your extra speed is starting to run out.
You start resting.
You feel yourself slow down.
You start resting.
You start resting.
You see here a human corpse.
You start resting.
You start resting.
HP restored.
A wolf comes into view.
The helpless wolf fails to defend itself.
You scratch the wolf.
The wolf is severely wounded.
The wolf barely misses you.
You scratch the wolf but do no damage.
The wolf is severely wounded.
The wolf misses you. The wolf barely misses you.
You scratch the wolf.
The wolf is almost dead.
The wolf bites you! x2
* * * LOW HITPOINT WARNING * * *
You are too injured to fight recklessly!
You are too injured to fight recklessly!
You are too injured to fight recklessly!
You are too injured to fight recklessly!
You are too injured to fight recklessly!
You are too injured to fight recklessly!
You are too injured to fight recklessly!
You are too injured to fight recklessly!
You are too injured to fight recklessly!
You are too injured to fight recklessly!
You are too injured to fight recklessly!
You barely miss the wolf.
The wolf is almost dead.
The wolf closely misses you.
You scratch the wolf but do no damage.
The wolf is almost dead.
The wolf misses you. The wolf bites you!
You die...

▓...#......##
▓..##.......# ..#
▓##.##.##..÷# ..#
##.##.###..# #..#
▓#.####.##..# ...+
▓.###..##..####...#
▓#.....##..###....#
###..##..÷##.....#
##..##....#..@...#
#..###..##.#..h..#
#).# #.. ####....#
▓▓▓▓ ▓▓▓ ▓▓▓▓▓▓


You could see a wolf.

Vanquished Creatures
  A human (D)
  An endoplasm (D)
  3 rats (D)
5 creatures vanquished.

Vanquished Creatures (others)
  2 plants (D)
2 creatures vanquished.

Grand Total: 7 creatures vanquished

Notes
Turn   | Place    | Note
-------+----------+-------------------------------------------
     0 | D        | mhtbhm the Ghoul Monk began the quest for the Orb.
     0 | D        | Reached XP level 1. HP: 19/19 MP: 0/0
    79 | D        | Reached XP level 2. HP: 8/28 MP: 1/1
   309 | D        | Slain by a wolf

Illustrated notes

Levels and vault maps discovered:
D:        dungeon_sprint_mu [sprint_mu_entry_cave, sprint_mu_temple_rooms,
          sprint_mu_d1_horrors, sprint_mu_d2_genie, sprint_mu_d3_branching,
          sprint_mu_orc_legion, sprint_mu_elf_gauntlet, sprint_mu_hive_nellie,
          sprint_mu_lair_fedhas, sprint_mu_vaults_butterflies,
          sprint_mu_slime_circle, sprint_mu_swamp_cave, sprint_mu_shoals_archi,
          sprint_mu_blade_basic, sprint_mu_crypt_fortress,
          sprint_mu_tomb_spiral, sprint_mu_vestibule_basic,
          sprint_mu_gehenna_hellfire, sprint_mu_dis_giant,
          sprint_mu_tartarus_statrot, sprint_mu_cocytus_islands, sprint_mu_zot1]

Skill      XL: |  1 |
---------------+----+-----
Dodging        | 3 |  3.7
Fighting       | 4 |  4.3
Stealth        | 3 |  3.2
Unarmed Combat | 4 |  4.8

Action                   || total
-------------------------++-------
Melee: Unarmed           ||    35
  Use: Potion            ||     1
 Stab: Sleeping          ||     4
Armor: Robe              ||     2
Dodge: Dodged            ||    14

Table legend: (Time is in decaauts)
 A = Elapsed time spent in this place.
 B = Non-inter-level travel time spent in this place.
 C = Inter-level travel time spent in this place.
 D = Time resting spent in this place.
 E = Time spent auto-exploring this place.
 F = Levels seen in this place.
 G = Mean time per level.
                   A        B        C        D        E       F      G
               +--------+--------+--------+--------+--------+-----+--------+
         Total |    292 |    292 |      0 |    215 |     26 |   1 |  292.0 |
       Dungeon |    292 |    292 |      0 |    215 |     26 |   1 |  292.0 |
               +--------+--------+--------+--------+--------+-----+--------+

Top non-repeatable levels by time:
       D: 292 daAuts
